 Dungeon Crawl Stone Soup version 0.14-a0-2001-g390038d (webtiles) character file.

6181 Kae the Bludgeoner (level 10, -6/77 HPs)
             Began as a Minotaur Fighter on Jan 18, 2014.
             Was a Priest of Okawaru.
             Mangled by a wyvern (14 damage)
             ... on Level 8 of the Dungeon.
             The game lasted 00:20:27 (11508 turns).

Kae the Bludgeoner (Minotaur Fighter)              Turns: 11508, Time: 00:20:28

HP  -6/77        AC  9     Str 24      XL: 10   Next: 50%
MP   3/4         EV  8     Int  5      God: Okawaru [***...]
Gold 369         SH 23     Dex  9      Spells:  0 memorised,  9 levels left

rFire  . . .     SeeInvis .     w - +6,+2 whip "Vamok" {speed, Str+1 Dex-2}
rCold  . . .     Clarity  .     b - +1 scale mail
rNeg   + . .     Conserve .     c - +0 shield (curse)
rPois  .         rCorr    .     (helmet restricted)
rElec  .         rRot     .     (no cloak)
SustAb . .       Spirit   .     (no gloves)
rMut   .         Warding  .     (no boots)
Saprov . . .     Stasis   .     (no amulet)
MR     .....                    s - ring of wizardry
                                k - cursed ring of positive energy

@: heroism, not resistant to hostile enchantments, extremely unstealthy
A: retaliatory headbutt, horns 2
a: Heroism, Renounce Religion


You were on level 8 of the Dungeon.
You worshipped Okawaru.
Okawaru was most pleased with you.
You were near starving.

You visited 1 branch of the dungeon, and saw 9 of its levels.
You also visited: Ossuary.

You collected 369 gold pieces.

Inventory:

Hand weapons
 a - a +1,+1 mace
 w - the +6,+2 whip "Vamok" (weapon) {speed, Str+1 Dex-2}
   (You took it off a crimson imp on level 5 of the Dungeon)

   Attacks with this weapon are significantly faster, but cause slightly less
   damage.
   It affects your strength (+1).
   It affects your dexterity (-2).
Armour
 b - a +1 scale mail (worn)
 c - a cursed +0 shield (worn)
Magical devices
 D - a wand of draining (0)
 E - a wand of confusion (9) {unknown}
Comestibles
 d - 9 bread rations
 j - 9 sultanas
 r - a meat ration
 u - 3 apples
 C - 2 chokos
 G - 8 slices of pizza
Scrolls
 e - 2 scrolls of enchant weapon I
 g - 5 scrolls of remove curse
 i - a scroll of immolation
 n - 9 scrolls of identify
 q - 4 scrolls of teleportation
 y - a scroll of enchant weapon II
 B - a scroll of recharging
Jewellery
 k - a cursed ring of positive energy (left hand)
 s - a ring of wizardry (right hand)
Potions
 f - a potion of magic
 l - a potion of poison
 o - a potion of flight
 p - 2 potions of speed
 v - a potion of curing
Books
 h - a book of the Earth

   Spells                             Type                      Level
   Dig                                Earth                        4
   Leda's Liquefaction                Hexes/Earth                  4
   Bolt of Magma                      Conjuration/Fire/Earth       5
   Statue Form                        Transmutation/Earth          6
   Iron Shot                          Conjuration/Earth            6
   Shatter                            Earth                        9


   Skills:
 - Level 3.6(8.6) Fighting
 + Level 17.5(22.5) Maces & Flails
 - Level 3.6(8.6) Armour
 - Level 3.6(8.6) Shields


You had 9 spell levels left.
You didn't know any spells.

Dungeon Overview and Level Annotations

Branches:
Dungeon (9/16)             Temple (0/1) D:6
    Orc: D:9-12        Lair: D:8-11

Altars:
Cheibriados
Dithmengos
Elyvilon
Fedhas
Kikubaaqudgha
Okawaru
Sif Muna
Vehumet
Xom
the Shining One

Shops:
D:4 ?


Innate Abilities, Weirdness & Mutations

You reflexively headbutt those who attack you in melee.
You have a pair of horns on your head.


Message History

The wyvern is severely wounded.
You hit the wyvern.
The wyvern is almost dead.
You hit the wyvern but do no damage.
The wyvern is almost dead.
The wyvern bites you!
* * * LOW HITPOINT WARNING * * *
The worker ant bites you.
* * * LOW HITPOINT WARNING * * *
You closely miss the wyvern.
The wyvern is almost dead.
The wyvern bites you.
* * * LOW HITPOINT WARNING * * *
You closely miss the wyvern.
The wyvern is almost dead.
The worker ant bites you but does no damage.
You closely miss the wyvern.
The wyvern is almost dead.
The wyvern bites you!
You die...

#....############[........
#................)[...)...
#....############)<.......
#....# #......###)....<...
##.### #........)..)>.W...
#.# #......####.####.## #.#
#......# #.# #.# #.#
#.a....# #.# #.# #.#
#.@D...# #.# #.# #.#
#.####.## #.####.## #.#
#####8.8######..... #.#
##...##'##...####.## ####
#.._..#.#.....#####
##.###...##.##...###.## #...
##'##...##'###...#
#...###.........###._.#
#####...'#..###'###..#'..(##


You could see a wyvern and a worker ant.

Vanquished Creatures
  A feature mimic (D:8)
  A spriggan (D:8)
  The ghost of Restia the Chopper, an average MiFi (D:3)
  2 fire bats (D:8)
  3 wraiths (D:8)
  A hippogriff (D:8)
  Edmund (D:8)
  Menkaure (D:4)
  Purgy (D:4)
  3 ice beasts
  2 black bears
  5 orc warriors
  2 sky beasts (D:5)
  A phantom (D:4)
  A necrophage (D:6)
  An ogre (D:5)
  A centaur (D:5)
  Sigmund (D:7)
  4 giant frogs
  A water moccasin (D:5)
  3 wights
  6 killer bees (D:7)
  A goliath beetle (D:5)
  6 crimson imps
  8 hounds
  3 water moccasin zombies (Ossuary)
  8 orc priests
  9 orc wizards
  6 worker ants
  A quasit (D:7)
  5 big kobold zombies (Ossuary)
  3 mummies
  9 gnolls
  11 adders
  2 inept item mimics
  A giant mite (D:5)
  4 worms
  A goliath beetle zombie (D:5)
  2 adder zombies (Ossuary)
  2 giant eyeballs
  8 giant geckos
  An ooze (D:1)
  26 orcs
  4 gnoll zombies (Ossuary)
  22 hobgoblins
  9 jackals
  14 kobolds
  4 quokkas
  30 bats
  6 giant cockroaches
  6 giant newts
  14 goblins
  A hobgoblin skeleton (D:7)
  5 hobgoblin zombies
  A kobold skeleton (D:4)
  6 kobold zombies
  An orc skeleton (D:8)
  5 orc zombies (Ossuary)
  9 rats
297 creatures vanquished.

Notes
Turn   | Place    | Note
--------------------------------------------------------------
     0 | D:1      | Kae, the Minotaur Fighter, began the quest for the Orb.
     0 | D:1      | Reached XP level 1. HP: 19/19 MP: 1/1
   115 | D:1      | Reached XP level 2. HP: 24/26 MP: 1/1
   557 | D:1      | Reached skill level 4 in Maces & Flails
   789 | D:2      | Reached XP level 3. HP: 31/31 MP: 2/2
   893 | D:2      | Reached skill level 5 in Maces & Flails
   926 | D:2      | Reached XP level 4. HP: 39/39 MP: 2/2
   965 | D:2      | Found a shimmering altar of Xom.
  1165 | D:2      | Found a deep blue altar of Sif Muna.
  1165 | D:2      | Found a blossoming altar of Fedhas.
  1304 | D:2      | Reached skill level 6 in Maces & Flails
  1517 | D:3      | Reached XP level 5. HP: 25/45 MP: 2/2
  1809 | D:3      | Noticed Restia's ghost (average MiFi)
  1852 | D:3      | Killed Restia's ghost
  1852 | D:3      | Reached skill level 7 in Maces & Flails
  1852 | D:3      | Reached XP level 6. HP: 6/51 MP: 3/3
  2293 | D:3      | Reached skill level 8 in Maces & Flails
  2560 | D:4      | Noticed Menkaure
  2817 | D:4      | Killed Menkaure
  2909 | D:4      | Found a shadowy altar of Dithmengos.
  2920 | D:4      | Reached skill level 9 in Maces & Flails
  3041 | D:4      | Reached XP level 7. HP: 45/57 MP: 3/3
  3390 | D:4      | Found Xetoet's Magic Scroll Boutique.
  3420 | D:4      | Noticed Purgy
  3436 | D:4      | Killed Purgy
  3436 | D:4      | Reached skill level 10 in Maces & Flails
  3522 | D:4      | Found a radiant altar of Vehumet.
  3576 | D:4      | Found an iron altar of Okawaru.
  3597 | D:4      | Became a worshipper of Warmaster Okawaru
  3770 | D:4      | Found a sand-covered staircase.
  3780 | Ossuary  | Entered an ossuary
  3886 | Ossuary  | Reached skill level 11 in Maces & Flails
  3970 | Ossuary  | Reached XP level 8. HP: 47/64 MP: 3/3
  4722 | D:5      | Entered Level 5 of the Dungeon
  4991 | D:5      | Reached skill level 12 in Maces & Flails
  5223 | D:5      | Acquired Okawaru's first power
  5514 | D:5      | Reached skill level 13 in Maces & Flails
  5609 | D:5      | Found a snail-covered altar of Cheibriados.
  5666 | D:5      | Paralysed by a giant eyeball for 4 turns
  5905 | D:5      | Reached XP level 9. HP: 63/70 MP: 4/4
  6254 | D:5      | Got an iridescent whip
  6255 | D:5      | Identified the +6,+2 whip "Vamok" {speed, Str+1 Dex-2} (You took it off a crimson imp on level 5 of the Dungeon)
  6472 | D:6      | Reached skill level 14 in Maces & Flails
  7147 | D:6      | Found a staircase to the Ecumenical Temple.
  7506 | D:7      | Noticed Sigmund
  7530 | D:7      | Killed Sigmund
  7793 | D:7      | Reached skill level 15 in Maces & Flails
  8578 | D:7      | Found a glowing golden altar of the Shining One.
  9026 | D:8      | Reached skill level 16 in Maces & Flails
  9312 | D:8      | Reached XP level 10. HP: 61/77 MP: 4/4
  9355 | D:8      | Found a glowing golden altar of the Shining One.
  9371 | D:8      | Noticed Edmund
  9394 | D:8      | Killed Edmund
  9449 | D:8      | Found a snail-covered altar of Cheibriados.
  9601 | D:8      | Found a white marble altar of Elyvilon.
  9618 | D:8      | Found a glowing golden altar of the Shining One.
  9653 | D:8      | Found an iron altar of Okawaru.
  9664 | D:8      | Found an ancient bone altar of Kikubaaqudgha.
  9713 | D:8      | HP: 3/77 [orc warrior/orcish dire flail (6)]
 10505 | D:8      | Reached skill level 17 in Maces & Flails
 11508 | D:8      | Mangled by a wyvern

Action                   |  1- 3 |  4- 6 |  7- 9 | 10-12 || total
-------------------------+-------+-------+-------+-------++-------
Melee: Mace              |    93 |   185 |   398 |       ||   676
       Whip              |       |       |   391 |   319 ||   710
Invok: Heroism           |       |       |     6 |     5 ||    11
  Use: Potion            |       |     9 |    10 |     8 ||    27
       Scroll            |       |    10 |     4 |     2 ||    16
 Stab: Invisible         |       |     1 |       |       ||     1
